 Dungeon Crawl Stone Soup version 0.27.1-34-g3ba077fa99 (webtiles) character file.

Game seed: 9724884821334518811

2188993 mrw3rdna the Metallomancer (level 27, 185/226 HPs)
             Began as a Gargoyle Earth Elementalist on Jan 7, 2022.
             Was the Champion of Vehumet.
             Escaped with the Orb
             ... and 4 runes on Jan 9, 2022!
             The game lasted 15:40:22 (82648 turns).

mrw3rdna the Metallomancer (GrEE)                  Turns: 82648, Time: 15:40:22

Health: 185/226    AC: 50    Str: 10    XL:     27
Magic:  42/42      EV: 12    Int: 36    God:    Vehumet [******]
Gold:   2461       SH: 18    Dex: 12    Spells: 2/65 levels left

rFire    + . .     SeeInvis +   b - +9 demon whip (spect)
rCold    + . .     Faith    .   i - +5 kite shield {reflect}
rNeg     + . .     Spirit   .   U - quicksilver dragon scales
rPois    ∞         Reflect  +   (helmet restricted)
rElec    +         Harm     .   C - +3 cloak "Efalugaq" {Rampage Dex+2}
rCorr    +         Rampage  +   D - +2 pair of gloves of Insatiable Hunger {rF+}
Will     ++++.                  e - +2 pair of boots {Stlth+}
Stlth    +.........             u - amulet of magic regeneration
HPRegen  1.47/turn              T - ring "Cafriy" {Wiz rPois Int+4}
MPRegen  0.53/turn              t - ring "Omni" {rCorr Int+5 Stlth-}

@: flying
A: sickness immunity, AC +20, big wings, negative energy resistance 1,
electricity resistance, torment resistance 1, petrification resistance, beak,
iridescent scales 1, see invisible, cold resistance 1, dopey 1, low mp 1,
strong-willed 1, mutation resistance 1, regeneration 1, robust 2, screaming 1,
shaggy fur 1, weak 1, subdued magic 1
0: Orb of Zot
}: 4/15 runes: decaying, serpentine, slimy, silver
a: Renounce Religion


You escaped.
You worshipped Vehumet.
Vehumet was exalted by your worship.
You visited 11 branches of the dungeon, and saw 55 of its levels.
You visited the Abyss 2 times.
You visited 1 bazaar.
You also visited: Ossuary, Bailey, Ice Cave and Desolation.

You collected 10688 gold pieces.
You spent 8227 gold pieces at shops.

Inventory:

Hand Weapons
 b - a +9 spectral demon whip (weapon)
 m - a +5 eveningstar of holy wrath
Missiles
 c - 1610 stones
 h - 98 boomerangs (quivered)
Armour
 e - a +2 pair of boots of stealth (worn)
 i - a +5 kite shield of reflection (worn)
 C - the +3 cloak "Efalugaq" (worn) {Rampage Dex+2}
   (You found it on level 3 of the Lair of Beasts)

   Dex:       It affects your dexterity (+2).
   Rampage:   It bestows one free step when moving towards enemies.
 D - the +2 pair of gloves of Insatiable Hunger (worn) {rF+}
   (You found it on level 1 of the Elven Halls)

   rF:        It protects you from fire.
 U - quicksilver dragon scales (worn)
Magical Staves
 a - a staff of earth
Jewellery
 t - the ring "Omni" (right hand) {rCorr Int+5 Stlth-}
   (You bought it in a shop on level 2 of the Orcish Mines)

   [ring of resist corrosion]

   Int:       It affects your intelligence (+5).
   rCorr:     It protects you from acid and corrosion.
   Stlth:     It makes you less stealthy.
 u - an amulet of magic regeneration (around neck)
 z - the ring "Lehar" {rPois rN+ Str+6 Slay-5}
   (You found it on level 1 of the Realm of Zot)

   [ring of strength]

   Str:       It affects your strength (+6).
   Slay:      It affects your accuracy & damage with ranged weapons and melee
   (-5).
   rPois:     It protects you from poison.
   rN:        It protects you from negative energy.
 Q - the ring of Dienyffi {Wiz rF- rC++ Int+2}
   (You took it off a deep elf master archer on level 3 of the Elven Halls)

   [ring of wizardry]

   It improves your spell success rate.
   Int:       It affects your intelligence (+2).
   rF:        It makes you vulnerable to fire.
   rC:        It greatly protects you from cold.
 S - the amulet of Ydodenic {Reflect rElec rF+ SH+5}
   (You found it on level 4 of the Depths)

   [amulet of reflection]

   It reflects blocked missile attacks.
   rF:        It protects you from fire.
   rElec:     It insulates you from electricity.
   SH:        It affects your SH (+5).
 T - the ring "Cafriy" (left hand) {Wiz rPois Int+4}
   (You found it on level 4 of the Snake Pit)

   [ring of wizardry]

   It improves your spell success rate.
   Int:       It affects your intelligence (+4).
   rPois:     It protects you from poison.
Wands
 d - a wand of mindburst (55)
 r - a wand of paralysis (72)
 v - a wand of digging (23)
 x - a wand of charming (4)
 I - a wand of polymorph (15)
 K - a wand of acid (13)
 O - a wand of flame (69)
 R - a wand of iceblast (80)
Scrolls
 f - 6 scrolls of fog
 l - 3 scrolls of enchant armour
 p - 11 scrolls of identify
 s - a scroll of amnesia
 w - a scroll of brand weapon
 y - a scroll of magic mapping
 B - 6 scrolls of silence
 E - 14 scrolls of teleportation
 M - 6 scrolls of fear
 V - 3 scrolls of blinking
 X - 2 scrolls of summoning
Potions
 g - 5 potions of resistance
 j - 2 potions of cancellation
 n - 3 potions of heal wounds
 o - 25 potions of curing
 q - 3 potions of ambrosia
 F - 13 potions of brilliance
 G - 4 potions of magic
 H - 9 potions of haste
 P - a potion of might
 W - 2 potions of invisibility
Miscellaneous
 k - a phantom mirror
 Z - a box of beasts


   Skills:
 + Level 23.9 Fighting
 + Level 16.2(16.9) Maces & Flails
 - Level 9.2(13.7) Staves
 - Level 2.4 Throwing
 + Level 13.8 Armour
 - Level 4.5 Dodging
 - Level 2.1 Stealth
 - Level 15.0 Shields
 + Level 19.7 Spellcasting
 + Level 20.6 Conjurations
 + Level 4.7 Summonings
 - Level 2.6 Necromancy
 - Level 0.7 Transmutations
 - Level 15.1 Fire Magic
 - Level 24.1 Earth Magic
 + Level 15.4 Evocations


You had 2 spell levels left.
You knew the following spells:

 Your Spells              Type           Power      Damage    Failure   Level
a - Sandblast             Erth           100%       2d20      0%          1
b - Stone Arrow           Conj/Erth      100%       3d13      0%          3
c - Iron Shot             Conj/Erth      50%        9d10      0%          6
d - Magic Dart            Conj           100%       1d8       0%          1
e - Foxfire               Conj/Fire      100%       2x1d9     0%          1
f - Bolt of Magma         Conj/Fire/Erth 47%        4d19      0%          5
g - Lee's Rapid Deconstr  Erth           51%        3d25*     0%          5
h - Lehudib's Crystal Sp  Conj/Erth      50%        10d12     1%          8
i - Borgnjor's Vile Clut  Necr/Erth      39%        N/A       1%          5
j - Shatter               Erth           51%        3d39*     1%          9
k - Fireball              Conj/Fire      45%        3d18      0%          5
l - Orb of Destruction    Conj           48%        9d15      1%          7
m - Animate Armour        Summ/Erth      100%       N/A       0%          4
n - Call Canine Familiar  Summ           52%        N/A       1%          3

Your spell library contained the following spells:

 Spells                   Type           Power      Damage    Failure   Level
 Maxwell's Capacitive Co  Air            13%        ∞         99%         8
 Polar Vortex             Ice            13%        N/A       99%         9
 Shock                    Conj/Air       100%       1d9       0%          1
 Passwall                 Tmut/Erth      64%        N/A       0%          2
 Searing Ray              Conj           100%       3d7       0%          2
 Static Discharge         Conj/Air       71%        N/A       0%          2
 Animate Skeleton         Necr           82%        N/A       1%          1
 Apportation              Tloc           54%        N/A       1%          1
 Beastly Appendage        Tmut           62%        N/A       1%          1
 Corona                   Hex            30%        N/A       1%          1
 Pain                     Necr           100%       1d9       1%          1
 Sting                    Tmut/Pois      100%       1d8       1%          1
 Summon Small Mammal      Summ           100%       N/A       1%          1
 Corpse Rot               Necr/Air       N/A        N/A       1%          2
 Ensorcelled Hibernation  Hex/Ice        54%        N/A       1%          2
 Poisonous Vapours        Pois/Air       54%        N/A       1%          2
 Slow                     Hex            27%        N/A       1%          2
 Wereblood                Tmut           31%        N/A       1%          2
 Sticky Flame             Conj/Fire      91%        2d10      0%          4
 Iskenderun's Battlesphe  Conj           96%        2d14      0%          5
 Confusing Touch          Hex            27%        N/A       1%          3
 Dazzling Flash           Conj/Hex       100%       N/A       1%          3
 Frozen Ramparts          Ice            54%        1d7       1%          3
 Gell's Gravitas          Tloc           13%        N/A       1%          3
 Ignite Poison            Fire/Tmut/Pois 54%        N/A       1%          3
 Inner Flame              Hex/Fire       62%        N/A       1%          3
 Lesser Beckoning         Tloc           13%        N/A       1%          3
 Mephitic Cloud           Conj/Pois/Air  60%        N/A       1%          3
 Ozocubu's Armour         Ice            27%        N/A       1%          3
 Spider Form              Tmut/Pois      14%        N/A       1%          3
 Teleport Other           Tloc           27%        N/A       1%          3
 Tukima's Dance           Hex            27%        N/A       1%          3
 Animate Dead             Necr           20%        N/A       1%          4
 Dispel Undead            Necr           41%        3d16      1%          4
 Fulminant Prism          Conj/Hex       35%        3d18      1%          4
 Hailstorm                Conj/Ice       71%        3d15      1%          4
 Iskenderun's Mystic Bla  Conj/Tloc      71%        2d14      1%          4
 Olgreb's Toxic Radiance  Pois           27%        N/A       1%          4
 Petrify                  Tmut/Erth      77%        N/A       1%          4
 Summon Ice Beast         Ice/Summ       40%        N/A       1%          4
 Summon Lightning Spire   Summ/Air       40%        N/A       1%          4
 Freezing Cloud           Conj/Ice/Air   30%        6-21      1%          5
 Irradiate                Conj/Tmut      36%        3d25      1%          5
 Lightning Bolt           Conj/Air       35%        1d53      1%          5
 Conjure Ball Lightning   Conj/Air       35%        3x3d11    1%          6
 Starburst                Conj/Fire      45%        6d13      1%          6
 Ice Form                 Ice/Tmut       29%        N/A       4%          4
 Yara's Violent Unravell  Hex/Tmut       14%        3d7       4%          5
 Cause Fear               Hex            13%        N/A       5%          4
 Passage of Golubria      Tloc           N/A        N/A       5%          4
 Agony                    Necr           41%        N/A       5%          5
 Excruciating Wounds      Necr           20%        N/A       5%          5
 Summon Mana Viper        Hex/Summ       40%        N/A       6%          5
 Blade Hands              Tmut           15%        N/A       12%         5
 Alistair's Intoxication  Tmut/Pois      19%        N/A       13%         5
 Metabolic Englaciation   Hex/Ice        13%        N/A       16%         5
 Eringya's Noxious Bog    Tmut/Pois      14%        N/A       21%         6
 Death Channel            Necr           20%        N/A       30%         6
 Simulacrum               Ice/Necr       17%        N/A       45%         6
 Monstrous Menagerie      Summ           26%        N/A       56%         7
 Summon Hydra             Summ           26%        N/A       56%         7
 Chain Lightning          Conj/Air       35%        3d47      85%         9
 Storm Form               Tmut/Air       14%        N/A       98%         7
 Discord                  Hex            13%        N/A       100%        8
 Sublimation of Blood     Necr           Unusable   N/A       N/A         2

Dungeon Overview and Level Annotations

Branches:
Dungeon (15/15)            Temple (1/1) D:5            Lair (6/6) D:9
  Swamp (4/4) Lair:2        Snake (4/4) Lair:2        Slime (5/5) Lair:5
    Orc (2/2) D:10            Elf (3/3) Orc:2        Vaults (5/5) D:14
  Crypt (0/3) Vaults:2     Depths (5/5) D:15            Zot (5/5) Depths:5
Ossuary (visited)          Bailey (visited)           IceCv (visited)
Desolation (visited)

Altars:
Ashenzari
Cheibriados
Dithmenos
Elyvilon
Fedhas
Gozag
Hepliaklqana
Kikubaaqudgha
Makhleb
Nemelex Xobeh
Okawaru
Qazlal
Ru
Sif Muna
Trog
Uskayaw
Vehumet
Wu Jian
Xom
Yredelemnul
Zin
The Shining One
Beogh

Shops:
D:8 !   Orc:2 ([*=   Elf:2 ?*   Snake:1 =?   Vaults:2 *   Vaults:3 (
Vaults:5 [   Depths:2 *!:=::([   Depths:5 !

Portals:
Hell: Depths:1 Depths:2 Depths:3 Depths:4 Depths:5
Abyss: Depths:1 Depths:4 Depths:5
Pandemonium: Depths:1 Depths:3 Depths:4
Ziggurat: Depths:4

Annotations:
Snake:4 1 transporter


Innate Abilities, Weirdness & Mutations

You are immune to sickness and miasma.
Your stone body is resilient. (AC +20)
You are immune to poison.
Your large and strong wings let you fly.
You resist negative energy. (rN+)
You are resistant to electric shocks. (rElec)
You are resistant to unholy torment.
You are immune to petrification.
You have a beak for a mouth.
You are partially covered in iridescent scales. (AC +2)
You have supernaturally acute eyesight. (SInv)
Your flesh is cold resistant. (rC+)
You are dopey. (Int -2)
Your magical capacity is low. (-10% MP)
You are strong-willed. (Will+)
You are somewhat resistant to further mutation.
Your natural rate of healing is unusually fast.
You are very robust. (+20% HP)
You occasionally shout uncontrollably at your foes.
You are covered in fur. (AC +1)
You are weak. (Str -2)
Your spells are a little easier to cast, but a little less powerful.


Message History

An Orb Guardian comes into view.
There is a stone staircase leading up here.
HP restored.
You fly upwards.
There is a stone staircase leading down here.
As you read the scroll of teleportation, it crumbles to dust.
You feel strangely unstable.
You feel the Orb delaying your translocation!
Your surroundings suddenly seem different.
There is an open door here.
There is a stone staircase leading up here.
You fly upwards.
There is a stone staircase leading down here.
A Tzitzimitl comes into view.
There is a stone staircase leading up here.
You fly upwards.
There is a stone staircase leading down here.
Aiming: Dig
Press: ? - help, Shift-Dir - straight line A rock wall.
This square is covered in magical glow.
The rock shatters into small pieces.
There is a stone staircase leading up here.
You fly upwards.
There is a stone staircase leading down here.
A Tzitzimitl comes into view.
The Tzitzimitl moves out of view.
Casting: Borgnjor's Vile Clutch (safe; 1% risk of failure)
Confirm with . or Enter, or press ? or * to list all spells.
Casting: Animate Armour (safe; 0% risk of failure)
Confirm with . or Enter, or press ? or * to list all spells.
Okay, then.
Aiming: Dig
Press: ? - help, Shift-Dir - straight line This square is covered in magical glow.
The rock shatters into small pieces.
The Tzitzimitl calls on the powers of darkness!
Your body is wracked with pain!
There is a staircase leading out of the dungeon here.
You have escaped!

#################.#######.#.#.#..
.................................
############........###.#.#.#.###
# #.# #.#....#####.#.....# # #.#
#.#..........##..#####
#####.######..........^.....# #..
#.............#####.#####...# #.#
#.###.#.#.#...#...#.#...#...###.#
..........1[....@.'.#.>.#.......#
#.###.#.......#...#.#...#.#....##
#.............#####.##'##.####.#
..#.#.....................# #.##
###.#.###.##..##'##.#####.# #...
# #.#.###.##..#...#.#...#.# ####
###+#...(.##..#...#.'...#.##
...........#..#...#.#...#..#
........÷..#..#####.#####..# ###


You could see a Tzitzimitl and a friendly animated quicksilver dragon scales
(summoned).

Vanquished Creatures
  the Royal Jelly (Slime:5)
  5 orbs of fire
  3 ancient liches
  Mara (Swamp:4)
  Sojobo (Depths:5)
  Boris (Vaults:5)
  Bai Suzhen (Vaults:4)
  3 Killer Klowns (Zot:5)
  Margery (Vaults:4)
  Vashnia (Snake:4)
  6 caustic shrikes
  2 curse toes
  Jory (Vaults:5)
  12 golden dragons
  the Enchantress (Depths:1)
  3 bone dragons
  4 electric golems
  A Brimstone Fiend (Depths:3)
  Jorgrun (D:15)
  15 tentacled monstrosities
  6 liches
  3 titans
  26 Orb Guardians
  4 quicksilver dragons
  An Executioner (Abyss:2)
  21 acid blobs
  3 deep elf blademasters
  2 deep elf master archers (Elf:3)
  8 sphinxes
  7 death cobs
  3 tentacled starspawn (Abyss:2)
  Kirke (Snake:2)
  The ghost of tkbsonic5 the Warrior, an adept MiMo of the Shining One (Snake:4)
  A thorn hunter (Swamp:4)
  9 tengu reavers
  11 shadow dragons
  An ancient champion (Depths:1)
  15 storm dragons
  2 fenstrider witches
  22 rockslimes
  7 draconian monks
  5 nagarajas
  20 azure jellies
  17 frost giants
  5 draconian knights
  15 fire giants
  Aizul (Snake:2)
  4 iron dragons
  3 orc warlords
  A frost giant (shapeshifter) (Vaults:5)
  11 deep elf sorcerers
  16 vault wardens
  2 imperial myrmidons (Desolation)
  2 draconian scorchers
  A balrug (Abyss:2)
  A cacodemon (Abyss:2)
  4 ghost moths
  2 deep elf elementalists (Elf:3)
  6 draconian annihilators
  23 ironbound preservers
  17 stone giants
  2 draconian stormcallers (Zot:5)
  4 spriggan defenders
  7 draconian shifters
  3 war gargoyles (Vaults:3)
  12 quicksilver oozes
  26 very ugly things
  7 green draconians
  A vampire knight (Depths:2)
  A lorocyproca (Abyss:2)
  8 deep elf demonologists
  The ghost of Selrock the Fighter, a journeyman TrMo of Ashenzari (Lair:1)
  2 entropy weavers
  11 red draconians
  A bunyip (Swamp:4)
  11 white draconians
  9 deep elf annihilators
  11 black draconians
  10 purple draconians
  3 halazid warlocks (Desolation)
  10 spark wasps
  3 dire elephants (Vaults:2)
  3 yellow draconians
  A merfolk javelineer (Depths:5)
  An eidolon (Abyss:2)
  2 green deaths
  5 deep elf high priests
  4 deep elf death magi
  5 eleionomae
  6 ettins
  12 great orbs of eyes
  Josephine (Lair:5)
  7 fire dragons
  2 crystal guardians
  33 vault guards
  A fire dragon (shapeshifter) (Vaults:1)
  8 servants of whispers (Desolation)
  5 ragged hierophants (Desolation)
  2 caustic shrike simulacra (IceCv)
  3 shambling mangroves
  12 yaktaur captains
  A rakshasa (Depths:2)
  2 ghost crabs
  5 salamander tyrants
  18 hydras
  5 hell beasts
  10 anacondas
  10 centaur warriors
  10 peacekeepers
  7 ice dragons
  6 ironbound thunderhulks
  3 catoblepae (Lair:6)
  5 boulder beetles
  12 naga warriors
  10 spriggan air magi
  A death knight (D:15)
  The ghost of unlimited1921 the Fighter, a novice MiFi of Gozag (D:9)
  26 dancing weapons
  11 death yaks
  6 ironbound frosthearts
  8 alligators
  6 two-headed ogres
  A two-headed ogre (shapeshifter) (Vaults:5)
  9 tengu warriors
  6 deep troll shamans (Depths:1)
  A vampire mage (Depths:1)
  7 deep troll earth magi
  4 ironbound beastmasters
  7 spriggan berserkers
  An orc high priest (Elf:2)
  16 naga sharpshooters
  A soul eater (Depths:4)
  6 shock serpents
  Nergalle (Lair:1)
  26 hell knights
  A wretched star (Abyss:2)
  7 iron trolls
  21 deep elf knights
  2 spatial maelstroms (Abyss:2)
  4 sun demons
  13 skeletal warriors
  6 goliath frogs
  2 salamander mystics (Snake:2)
  A sea snake (Snake:1)
  2 orange crystal statues (IceCv)
  A phantasmal warrior (Vaults:4)
  A quicksilver dragon simulacrum (Depths:1)
  7 glowing orange brains
  18 deep elf archers
  90 deep trolls
  2 lindwurms
  14 orc knights
  21 ironbound convokers
  4 naga ritualists
  13 swamp dragons
  15 necromancers
  Pikel (D:4)
  2 flayed ghosts
  32 ugly things
  38 deep elf zephyrmancers
  7 wizards
  A mana viper (shapeshifter) (Vaults:5)
  A sphinx skeleton (Depths:3)
  8 mana vipers
  36 deep elf pyromancers
  9 harpies (Vaults:1)
  A tengu skeleton (Depths:3)
  5 orc sorcerers
  5 cyclopes
  3 will-o-the-wisps
  A stone giant zombie (Depths:1)
  A worldbinder (Abyss:2)
  An iron dragon skeleton (Depths:1)
  5 manticores
  7 shining eyes
  An iron dragon zombie (Depths:3)
  25 salamanders
  A moth of wrath (shapeshifter) (Vaults:1)
  Joseph (Lair:1)
  An elephant (shapeshifter) (Depths:3)
  8 elephants
  4 centaur zombies
  12 guardian serpents
  A frost giant skeleton (Depths:3)
  29 moths of wrath
  4 eyes of devastation
  A water nymph (shapeshifter) (Vaults:5)
  A gargoyle (D:14)
  41 black mambas
  A molten gargoyle (Desolation)
  18 vault sentinels
  21 naga magi
  2 smoke demons (Abyss:2)
  A centaur skeleton (D:15)
  A kobold demonologist (D:10)
  10 cane toads
  9 komodo dragons
  33 yaktaurs
  4 rime drakes
  An ice devil (Depths:4)
  A komodo dragon (shapeshifter) (Vaults:3)
  A hellwing (Abyss:2)
  3 anaconda simulacra (IceCv)
  An efreet (D:14)
  3 starcursed masses (Abyss:2)
  A golden dragon simulacrum (IceCv)
  4 tengu conjurers
  8 freezing wraiths
  An ancient zyme (Abyss:2)
  2 red devils (Abyss:2)
  A queen bee (D:15)
  2 polar bears (Lair:1)
  8 trolls
  A queen bee (shapeshifter) (Vaults:2)
  A wind drake (shapeshifter) (Abyss:2)
  A polar bear (shapeshifter) (Elf:3)
  3 meliai (D:15)
  A jumping spider (Vaults:2)
  7 tyrant leeches
  A raiju (Abyss:2)
  A slime creature (shapeshifter) (Depths:4)
  64 saltlings (Desolation)
  9 hornets
  24 blink frogs
  A meliai zombie (D:15)
  107 slime creatures
  2 human simulacra (Vaults:1)
  5 dream sheep (Lair:1)
  A deep troll zombie (Depths:1)
  2 fire giant simulacra
  An ettin zombie (Depths:1)
  A frost giant simulacrum (Abyss:2)
  A flying skull (Abyss:2)
  2 tarantellas (Vaults:1)
  5 water elementals
  11 spriggans
  4 air elementals
  3 vampires
  A tarantella (shapeshifter) (Elf:3)
  2 ynoxinuls (Abyss:2)
  A redback (Vaults:1)
  5 wyverns
  9 wraiths
  5 fire elementals
  3 basilisks
  56 yaks
  3 fire bats (Abyss:2)
  2 dire elephant simulacra (IceCv)
  9 golden eyes
  8 small abominations (Abyss:2)
  6 hogs (Snake:2)
  2 steam dragons
  22 vampire mosquitoes
  3 neqoxecs
  Menkaure (D:7)
  A warg (shapeshifter) (Depths:3)
  Edmund (D:4)
  5 spatial vortices (Abyss:2)
  44 nagas
  8 wargs
  2 hydra simulacra (IceCv)
  9 swamp worms
  4 large abominations (Abyss:2)
  An acid dragon (D:14)
  25 water moccasins
  5 floating eyes
  A floating eye (shapeshifter) (Vaults:5)
  6 swamp drakes (Swamp:4)
  A sky beast (shapeshifter) (Depths:3)
  30 orc warriors
  2 necrophages
  An alligator simulacrum (IceCv)
  4 ettin simulacra
  2 black bears
  2 ice beasts
  A sky beast (D:8)
  28 wolves
  6 ogres
  14 centaurs
  2 phantoms (D:5)
  A human skeleton (Vaults:1)
  3 lemures (D:4)
  3 kobold brigands
  An elf zombie (Ossuary)
  11 bullfrogs
  2 earth elementals
  4 scorpions
  A water moccasin skeleton (D:5)
  12 killer bees
  5 wights (D:8)
  A lindwurm simulacrum (IceCv)
  2 oklob saplings (D:10)
  2 howler monkeys
  2 electric eels (D:9)
  2 quasits (Abyss:2)
  8 hounds
  2 human zombies (Ossuary)
  11 jellies (Lair:5)
  14 orc priests
  An iron imp (Abyss:2)
  A bullfrog skeleton (D:5)
  A gnoll shaman (D:4)
  3 iguanas
  Natasha (thrice) (D:2)
  18 orc wizards
  2 mummies (Ossuary)
  A howler monkey zombie (D:5)
  13 adders
  8 gnolls
  2 shadow imps
  2 adder zombies (Ossuary)
  2 adder skeletons (D:4)
  A worm (D:2)
  77 orcs
  8 spectral bats (Abyss:2)
  16 bats
  6 endoplasms
  6 giant cockroaches
  10 goblins
  11 hobgoblins
  4 jackals
  4 quokkas
  10 ball pythons
  5 bat simulacra (Abyss:2)
  5 frilled lizards
  A goblin zombie (Ossuary)
  9 hobgoblin zombies (Ossuary)
  A jackal skeleton (D:4)
  2 jackal zombies (Ossuary)
  31 kobolds
  11 kobold zombies (Ossuary)
  7 orc zombies (Ossuary)
  2 rats (D:1)
  2 rat zombies (Ossuary)
  2 pillars of salt (Elf:2)
  2 starspawn tentacles (Abyss:2)
2534 creatures vanquished.

Vanquished Creatures (collateral kills)
  A Killer Klown (Zot:5)
  An acid blob (Slime:5)
  A rockslime (Slime:5)
  A reaper (Depths:1)
  2 hell knights (Vaults:4)
  A guardian serpent (Desolation)
  2 saltlings (Desolation)
  A lindwurm simulacrum (IceCv)
10 creatures vanquished.

Vanquished Creatures (others)
  A two-headed ogre (D:7)
  A deep elf zephyrmancer (Elf:2)
  A naga (Snake:2)
  40 foxfires
  36 fungi
  4 pillars of salt (Elf:2)
  88 plants
  6 starspawn tentacles (Abyss:2)
177 creatures vanquished.

Grand Total: 2721 creatures vanquished

Notes
Turn   | Place    | Note
-------+----------+-------------------------------------------
     0 | D:1      | mrw3rdna the Gargoyle Earth Elementalist began the quest
                  | for the Orb.
     0 | D:1      | Reached XP level 1. HP: 10/10 MP: 3/3
   236 | D:1      | Reached skill level 4 in Earth Magic
   249 | D:1      | Reached XP level 2. HP: 10/16 MP: 0/5
   746 | D:1      | Reached XP level 3. HP: 20/20 MP: 3/6
   870 | D:1      | Learned a level 3 spell: Stone Arrow
   908 | D:1      | Reached skill level 1 in Fighting
  1390 | D:2      | Reached skill level 1 in Maces & Flails
  1407 | D:2      | Noticed Natasha
  1410 | D:2      | Killed Natasha
  1411 | D:2      | Reached XP level 4. HP: 25/25 MP: 4/7
  1725 | D:2      | Noticed Natasha
  1729 | D:2      | Killed Natasha
  1730 | D:2      | Reached skill level 1 in Conjurations
  1730 | D:2      | Reached skill level 5 in Earth Magic
  1730 | D:2      | Reached XP level 5. HP: 30/30 MP: 4/8
  1753 | D:2      | Noticed Natasha
  1757 | D:2      | Killed Natasha
  2778 | D:4      | Reached XP level 6. HP: 35/35 MP: 10/10
  3191 | D:4      | Noticed Edmund
  3377 | D:4      | Noticed a necrophage
  3386 | D:4      | Killed a necrophage
  3387 | D:4      | Reached skill level 1 in Throwing
  3397 | D:4      | Reached skill level 6 in Earth Magic
  3428 | D:4      | Learned a level 2 spell: Searing Ray
  3513 | D:4      | Noticed Pikel
  3523 | D:4      | Killed Pikel
  3524 | D:4      | Reached XP level 7. HP: 34/41 MP: 2/12
  3726 | D:4      | Killed Edmund
  3727 | D:4      | Reached skill level 7 in Earth Magic
  3727 | D:4      | Reached XP level 8. HP: 32/47 MP: 0/13
  4070 | D:5      | Entered Level 5 of the Dungeon
  4143 | D:5      | Found a sand-covered staircase.
  4150 | Ossuary  | Entered an ossuary
  4275 | Ossuary  | Learned a level 1 spell: Magic Dart
  4639 | D:5      | Reached skill level 1 in Armour
  4769 | D:5      | Reached skill level 8 in Earth Magic
  4896 | D:5      | Found a sacrificial altar of Ru.
  4903 | D:5      | Identified the +1 mace "Qoc Fot" {flame, *Rage *Corrode
                  | Int+5 Dex+8}
  4950 | D:5      | Found a staircase to the Ecumenical Temple.
  4959 | Temple   | Entered the Ecumenical Temple
  4967 | Temple   | Became a worshipper of Vehumet
  5002 | D:5      | Reached XP level 9. HP: 52/52 MP: 9/15
  5545 | D:6      | Found a shimmering altar of Xom.
  5545 | D:6      | Found a white marble altar of Elyvilon.
  5926 | D:6      | Reached skill level 5 in Fighting
  6031 | D:6      | Reached skill level 9 in Earth Magic
  6345 | D:7      | Noticed a two-headed ogre
  6347 | D:7      | Noticed Menkaure
  6354 | D:7      | Killed a two-headed ogre
  6355 | D:7      | Reached skill level 5 in Spellcasting
  6355 | D:7      | Reached skill level 5 in Conjurations
  6355 | D:7      | Reached XP level 10. HP: 39/60 MP: 7/17
  6362 | D:7      | Reached skill level 5 in Maces & Flails
  6384 | D:7      | Killed Menkaure
  6386 | D:7      | Reached * piety under Vehumet
  6386 | D:7      | Offered knowledge of Freeze by Vehumet.
  6507 | D:7      | Reached skill level 10 in Earth Magic
  7235 | D:8      | Found a glowing golden altar of the Shining One.
  7352 | D:8      | Found Zuce's Distillery.
  7380 | D:8      | Bought a potion of curing for 33 gold pieces
  7380 | D:8      | Bought a potion of heal wounds for 55 gold pieces
  7438 | D:8      | Noticed a deep elf pyromancer
  7453 | D:8      | Reached ** piety under Vehumet
  7488 | D:8      | Offered knowledge of Foxfire by Vehumet.
  7492 | D:8      | Learned a level 1 spell: Foxfire
  7626 | D:8      | Killed a deep elf pyromancer
  7785 | D:8      | Reached skill level 1 in Fire Magic
  7850 | D:8      | Reached skill level 5 in Armour
  7883 | D:8      | Offered knowledge of Inner Flame by Vehumet.
  7928 | D:8      | Found an ornate altar of the Wu Jian Council.
  8235 | D:9      | Found a staircase to the Lair.
  8258 | D:9      | Reached *** piety under Vehumet
  8260 | D:9      | Reached skill level 11 in Earth Magic
  8417 | D:9      | Found a runed translucent door.
  8417 | D:9      | Noticed unlimited1921's ghost (novice MiFi)
  8417 | D:9      | Noticed a deep elf zephyrmancer
  8450 | D:9      | Reached XP level 11. HP: 66/66 MP: 16/20
  8554 | D:9      | Noticed a two-headed ogre
  8871 | D:9      | Offered knowledge of Ignite Poison by Vehumet.
  9109 | D:10     | Entered Level 10 of the Dungeon
  9224 | D:10     | Reached **** piety under Vehumet
  9666 | D:10     | Offered knowledge of Bolt of Magma by Vehumet.
  9892 | D:10     | Found a staircase to the Orcish Mines.
 10139 | D:10     | Got Sif Muna's Handbook of Nature
 10391 | D:11     | Noticed a two-headed ogre
 10401 | D:11     | Killed a two-headed ogre
 10756 | D:11     | Learned a level 5 spell: Bolt of Magma
 10793 | D:11     | Reached skill level 12 in Earth Magic
 11071 | Lair:1   | Entered Level 1 of the Lair of Beasts
 11270 | Lair:1   | Noticed Joseph
 11287 | Lair:1   | Killed Joseph
 11434 | Lair:1   | Found a runed translucent door.
 11436 | Lair:1   | Noticed Selrock's ghost (journeyman TrMo)
 11436 | Lair:1   | Identified the +5 spear "Kaoroses" {flame, rPois rC+ Int+3}
 11439 | Lair:1   | Got Sif Muna's Grimoire of the Earthen Escort
 11497 | Lair:1   | Reached XP level 12. HP: 58/73 MP: 22/22
 11540 | Lair:1   | Noticed a six-headed hydra
 11547 | Lair:1   | Noticed Nergalle
 12159 | Lair:1   | Reached skill level 1 in Staves
 12200 | Lair:1   | Learned a level 5 spell: Lee's Rapid Deconstruction
 12366 | Lair:1   | Reached ***** piety under Vehumet
 12554 | Lair:1   | Killed a six-headed hydra
 12554 | Lair:1   | Offered knowledge of Iskenderun's Mystic Blast by Vehumet.
 12577 | Lair:1   | Killed Nergalle
 13084 | Lair:2   | Reached skill level 13 in Earth Magic
 13101 | Lair:2   | Reached skill level 5 in Fire Magic
 13211 | Lair:2   | Found a staircase to the Snake Pit.
 13412 | Lair:2   | Noticed a five-headed hydra
 13420 | Lair:2   | Killed a five-headed hydra
 13461 | Lair:2   | Noticed a six-headed hydra
 13472 | Lair:2   | Killed a six-headed hydra
 13473 | Lair:2   | Reached XP level 13. HP: 68/80 MP: 15/24
 13885 | Lair:2   | Found a staircase to the Swamp.
 14206 | Lair:3   | Learned a level 8 spell: Lehudib's Crystal Spear
 14246 | Lair:3   | Reached skill level 14 in Earth Magic
 14413 | Lair:3   | Identified the +3 cloak "Efalugaq" {Rampage Dex+2}
 15159 | Lair:4   | Offered knowledge of Sticky Flame by Vehumet.
 15551 | Lair:5   | Reached skill level 5 in Staves
 16033 | Lair:5   | Found a staircase to the Slime Pits.
 16675 | Lair:6   | Entered Level 6 of the Lair of Beasts
 16725 | Lair:6   | Gained mutation: Your large and strong wings let you fly.
                  | [Gargoyle growth]
 16725 | Lair:6   | Reached XP level 14. HP: 66/87 MP: 15/26
 16742 | Lair:6   | Reached skill level 15 in Earth Magic
 16813 | Lair:6   | Noticed Josephine
 16830 | Lair:5   | Killed Josephine
 16831 | Lair:5   | Reached skill level 10 in Fighting
 16881 | Lair:6   | Identified the +7 falchion "Bizuc" {protect, +Blink rF++}
 16890 | Lair:6   | Reached skill level 10 in Conjurations
 17189 | Lair:6   | Identified the +6 scale mail of Time Monsters {rC++}
 17394 | Lair:6   | Offered knowledge of Eringya's Noxious Bog by Vehumet.
 18861 | D:9      | Killed unlimited1921's ghost
 18981 | D:12     | Reached skill level 16 in Earth Magic
 19301 | D:12     | Reached XP level 15. HP: 93/93 MP: 10/28
 19585 | D:12     | Reached skill level 1 in Evocations
 19882 | D:12     | Found a sacrificial altar of Ru.
 20139 | D:13     | Found a flagged portal.
 20199 | Bailey   | Entered a bailey
 20344 | Bailey   | Found an iron altar of Okawaru.
 21175 | D:14     | Identified a scroll of acquirement
 21176 | D:14     | Acquired a +1 pair of boots of stealth
 21644 | D:14     | Found a gate to the Vaults.
 21789 | D:14     | Found a hazy altar of Hepliaklqana.
 21835 | D:14     | Identified the +5 rapier "Monukav" {vorpal, rElec rF-
                  | Will+}
 21996 | D:15     | Entered Level 15 of the Dungeon
 22234 | D:15     | Noticed Jorgrun
 22878 | D:15     | Reached skill level 17 in Earth Magic
 22893 | D:15     | Reached skill level 10 in Spellcasting
 23164 | D:15     | Reached ****** piety under Vehumet
 23224 | D:15     | Reached XP level 16. HP: 100/100 MP: 23/30
 23234 | D:15     | Offered knowledge of Iron Shot by Vehumet.
 23252 | D:15     | Killed Jorgrun
 23468 | D:15     | Found a staircase to the Depths.
 23515 | D:15     | Found a blossoming altar of Fedhas.
 23764 | Lair:1   | Killed Selrock's ghost
 23956 | Orc:1    | Entered Level 1 of the Orcish Mines
 24605 | Orc:2    | Entered Level 2 of the Orcish Mines
 24605 | Orc:2    | Found Iwaq's Jewellery Shop.
 24751 | Orc:2    | Learned a level 5 spell: Borgnjor's Vile Clutch
 24753 | Orc:2    | Bought the ring "Omni" {rCorr Int+5 Stlth-} for 433 gold
                  | pieces
 24784 | Orc:2    | Found a staircase to the Elven Halls.
 24879 | Orc:2    | Found Asud's General Store.
 24910 | Orc:2    | Bought a wand of acid (5) for 306 gold pieces
 24910 | Orc:2    | Bought 2 potions of heal wounds for 170 gold pieces
 24910 | Orc:2    | Bought a scroll of identify for 34 gold pieces
 25369 | Orc:2    | Found Gellis's Antique Armour Boutique.
 25393 | Orc:2    | Found Geuwnaq's Antique Weapon Emporium.
 25941 | Snake:1  | Entered Level 1 of the Snake Pit
 26010 | Snake:1  | Learned a level 6 spell: Iron Shot
 26021 | Snake:1  | Offered knowledge of Spellforged Servitor by Vehumet.
 26087 | Snake:1  | Found Wivi's Magic Scroll Emporium.
 26091 | Snake:1  | Found Nidolloyfi's Jewellery Emporium.
 26101 | Snake:1  | Bought a scroll of identify for 32 gold pieces
 26101 | Snake:1  | Bought a scroll of identify for 32 gold pieces
 26116 | Snake:1  | Bought an amulet of reflection for 390 gold pieces
 27659 | Snake:2  | Noticed a nagaraja
 27670 | Snake:2  | Killed a nagaraja
 27671 | Snake:2  | Reached skill level 18 in Earth Magic
 27671 | Snake:2  | Reached skill level 5 in Evocations
 27846 | Snake:2  | Identified the ring of Luavoric {Will+ Int+3}
 28025 | Snake:2  | Noticed Aizul
 28031 | Snake:2  | Killed Aizul
 28104 | Snake:2  | Reached XP level 17. HP: 106/106 MP: 22/31
 28361 | Snake:2  | Found an iron altar of Okawaru.
 28512 | Snake:2  | Noticed Kirke
 28520 | Snake:2  | Reached skill level 10 in Fire Magic
 29099 | Snake:2  | Killed Kirke
 29100 | Snake:2  | Reached skill level 1 in Necromancy
 30107 | Snake:3  | Identified the +10 battleaxe "Kozukk" {flame, +Rage Will++}
 30208 | Snake:3  | Offered knowledge of Starburst by Vehumet.
 31598 | Snake:4  | Entered Level 4 of the Snake Pit
 31734 | Snake:4  | Found a frozen archway.
 31814 | IceCv    | Entered an ice cave
 32260 | IceCv    | Offered knowledge of Ignition by Vehumet.
 33204 | Snake:4  | Reached skill level 19 in Earth Magic
 33433 | Snake:4  | Found a transporter.
 33435 | Snake:4  | Noticed tkbsonic5's ghost (adept MiMo)
 33443 | Snake:4  | Found a transporter.
 33519 | Snake:4  | Reached XP level 18. HP: 106/113 MP: 33/33
 35269 | Snake:4  | Noticed Vashnia
 35326 | Snake:4  | Killed Vashnia
 35604 | Snake:4  | Got a serpentine rune of Zot
 36047 | Slime:1  | Entered Level 1 of the Pits of Slime
 37000 | Swamp:1  | Entered Level 1 of the Swamp
 38220 | Swamp:2  | Identified the +2 scale mail of the Land of Plenty {Str+4}
 38286 | Swamp:2  | Found a hazy altar of Hepliaklqana.
 38669 | Swamp:3  | Reached skill level 20 in Earth Magic
 38834 | Swamp:3  | Offered knowledge of Shatter by Vehumet.
 38834 | Swamp:3  | Offered knowledge of Polar Vortex by Vehumet.
 38834 | Swamp:3  | Offered knowledge of Maxwell's Capacitive Coupling by
                  | Vehumet.
 39517 | Swamp:3  | Reached XP level 19. HP: 120/120 MP: 9/35
 39826 | Swamp:3  | Acquired 1078 gold pieces
 39924 | Swamp:4  | Entered Level 4 of the Swamp
 40497 | Swamp:4  | Noticed a tentacled monstrosity
 40743 | Swamp:4  | Noticed Mara
 41073 | Swamp:4  | Killed Mara
 41229 | Swamp:4  | Killed a tentacled monstrosity
 41653 | Swamp:4  | Reached skill level 10 in Maces & Flails
 41667 | Swamp:4  | Got a decaying rune of Zot
 42196 | Vaults:1 | Entered Level 1 of the Vaults
 42654 | Vaults:1 | Reached skill level 21 in Earth Magic
 43740 | Vaults:1 | Reached XP level 20. HP: 127/128 MP: 25/36
 44363 | Vaults:1 | Acquired the +0 pair of gloves "Gadiavvu" {rC+}
 44862 | Vaults:2 | Noticed a bone dragon
 44934 | Vaults:2 | Found Suzoff's Assorted Antiques.
 44944 | Vaults:2 | Bought a scroll of summoning for 180 gold pieces
 45079 | Vaults:2 | Identified the +6 broad axe of the Big Bang {vamp, rF+
                  | rCorr}
 45553 | Vaults:2 | Reached skill level 15 in Fighting
 45559 | Vaults:2 | Reached skill level 22 in Earth Magic
 46144 | Vaults:2 | Killed a bone dragon
 46236 | Vaults:2 | Reached skill level 10 in Evocations
 46312 | Vaults:2 | Found a staircase to the Crypt.
 46715 | Elf:1    | Entered Level 1 of the Elven Halls
 46901 | Elf:1    | Reached XP level 21. HP: 84/134 MP: 6/38
 47309 | Elf:1    | Identified the +3 leather armour "Goficim" {rC+ Stlth+}
 47854 | Elf:1    | Identified the +2 pair of gloves of Insatiable Hunger {rF+}
 47873 | Elf:1    | Got Xumoor's Reference Book on Conjuration
 48616 | Elf:2    | Found Qefeum's General Store.
 48624 | Elf:2    | Paralysed by an air elemental for 1 turns
 48646 | Elf:2    | Bought a scroll of enchant weapon for 97 gold pieces
 48676 | Elf:2    | Found Ryskem's Magic Scroll Emporium.
 48713 | Elf:2    | Bought a scroll of acquirement for 728 gold pieces
 48714 | Elf:2    | Acquired 573 gold pieces
 48806 | Elf:2    | Found a crumbling gateway.
 48817 | Elf:2    | Reached skill level 1 in Shields
 48829 | Desolati | Entered the Desolation of Salt
 49662 | Desolati | Identified the ring "Utoerie" {rPois rF+ Int+2}
 49699 | Desolati | Identified the +6 leather armour of the Desolation of Salt
                  | {rC+}
 49728 | Desolati | Learned a level 9 spell: Shatter
 49801 | Desolati | Identified the +10 dire flail "Sobeil" {vorpal, rF+ Dex+2
                  | SInv}
 49801 | Desolati | Identified the ring "Ylupeir" {rC+ rN+ EV+4 Int-4}
 50066 | Desolati | Identified the +12 dagger "Globulus" {flame, Drain +Blink
                  | Str+4 Dex+2}
 50158 | Desolati | Reached skill level 23 in Earth Magic
 50236 | Desolati | Got the Grimoire of Stolen Souls and Bewitchment
 50530 | Elf:2    | Identified the +0 robe "Ihegiar" {Str+4 SInv}
 50626 | Elf:2    | Paralysed by an air elemental for 1 turns
 50701 | Elf:2    | Paralysed by an air elemental for 1 turns
 50884 | Elf:2    | Found a runed translucent gate.
 50884 | Elf:2    | Found a runed translucent gate.
 50885 | Elf:2    | Found a runed translucent gate.
 51310 | Elf:2    | Reached XP level 22. HP: 117/141 MP: 23/39
 51311 | Elf:2    | Reached skill level 5 in Shields
 51788 | Elf:3    | Entered Level 3 of the Elven Halls
 51987 | Elf:3    | Paralysed by an air elemental for 1 turns
 52000 | Elf:3    | Paralysed by an air elemental for 1 turns
 52385 | Elf:3    | Identified the +7 short sword of Beyond {vorpal, Will+
                  | Str+4 Dex-5}
 52407 | Elf:3    | Identified the +1 ring mail of Servitude {rPois rN+}
 52407 | Elf:3    | Identified the ring of Dienyffi {Wiz rF- rC++ Int+2}
 52417 | Elf:3    | Cast into level 2 of the Abyss (+4 scimitar of distortion)
 52465 | Abyss:2  | Found a corrupted altar of Lugonu.
 52665 | Elf:3    | Escaped the Abyss
 52866 | Elf:3    | Identified the ring "Fenamuti" {rC+ rCorr MP+9}
 52867 | Elf:3    | Cast into level 2 of the Abyss (a deep elf sorcerer)
 52895 | Abyss:2  | Found a corrupted altar of Lugonu.
 52925 | Abyss:2  | Found a corrupted altar of Lugonu.
 53141 | Abyss:2  | Reached skill level 10 in Shields
 53207 | Abyss:2  | Gained mutation: Your muscles are strong. (Str +2) [a
                  | neqoxec]
 53209 | Abyss:2  | Gained mutation: You are clumsy. (Dex -2) [a neqoxec]
 53352 | Elf:3    | Escaped the Abyss
 53353 | Elf:3    | Identified the ring "Avvima" {Fly rF+ Will- Slay+4}
 53847 | Elf:3    | Reached XP level 23. HP: 149/149 MP: 38/41
 54299 | Elf:3    | Got Uklaij's Handbook of Shifting Bewitchment
 54790 | Vaults:3 | Found Guriodd's Weapon Emporium.
 54803 | Vaults:3 | Reached skill level 15 in Spellcasting
 56671 | Vaults:4 | Noticed Bai Suzhen
 56676 | Vaults:4 | Killed Bai Suzhen
 56752 | Vaults:4 | Identified the +0 ring mail of the Tick {rPois}
 56788 | Vaults:4 | Noticed Margery
 56800 | Vaults:4 | Killed Margery
 57376 | Vaults:4 | Reached XP level 24. HP: 157/157 MP: 13/42
 57900 | Vaults:5 | Entered Level 5 of the Vaults
 57904 | Vaults:5 | Reached skill level 15 in Shields
 57912 | Vaults:5 | Noticed Jory
 58153 | Vaults:5 | Killed Jory
 58649 | Vaults:5 | Reached XP level 25. HP: 165/165 MP: 26/43
 58663 | Vaults:5 | Noticed an ancient lich
 58667 | Vaults:5 | Killed an ancient lich
 58780 | Vaults:5 | Identified the +6 flail "Learutir" {pain, rN+ rCorr Int+4}
 58843 | Vaults:5 | Identified the +11 flail "Cugedoa" {vamp, +Blink rElec
                  | rPois rCorr}
 58843 | Vaults:5 | Noticed Boris
 58849 | Vaults:5 | Killed Boris
 59032 | Vaults:5 | Found the +8 demon blade "Leech" {vamp, *Rage +Rage rN+}
 59035 | Vaults:5 | Found Suij's Armour Shoppe.
 59107 | Vaults:5 | Identified the ring "Ukhleala" {rElec rN+++ rCorr MP+9
                  | Str-2}
 59118 | Vaults:5 | Acquired a staff of conjuration
 59328 | Vaults:5 | Got a silver rune of Zot
 59886 | Vaults:5 | Got the Incunabulum of Clay and Enchantment
 60020 | Vaults:5 | Acquired a book of Touch
 60252 | Vaults:5 | Identified the +1 robe "Zejager" {*Corrode +Blink rPois
                  | Dex+2}
 60561 | Lair:1   | Learned a level 5 spell: Fireball
 60695 | Snake:1  | Bought 2 scrolls of magic mapping for 112 gold pieces
 60695 | Snake:1  | Bought a scroll of fog for 32 gold pieces
 60695 | Snake:1  | Bought a scroll of summoning for 152 gold pieces
 60695 | Snake:1  | Bought a scroll of summoning for 152 gold pieces
 60695 | Snake:1  | Bought a scroll of magic mapping for 56 gold pieces
 60695 | Snake:1  | Bought a scroll of teleportation for 48 gold pieces
 61362 | Slime:1  | Gained mutation: Potions are less effective at restoring
                  | your health. [a shining eye]
 61365 | Slime:1  | Lost mutation: Your muscles are strong. (Str +2) [a shining
                  | eye]
 61366 | Slime:1  | Gained mutation: You sometimes lose the ability to read
                  | scrolls when taking damage. [a shining eye]
 62661 | Slime:5  | Entered Level 5 of the Pits of Slime
 62860 | Slime:5  | Noticed the Royal Jelly
 63088 | Slime:4  | Gained mutation: You are very clumsy. (Dex -4) [a shining
                  | eye]
 63090 | Slime:4  | Gained mutation: Your natural rate of healing is unusually
                  | fast. [a shining eye]
 63093 | Slime:4  | Gained mutation: You are dopey. (Int -2) [a shining eye]
 63097 | Slime:4  | Gained mutation: Your body sometimes deteriorates upon
                  | taking damage. [a shining eye]
 63497 | Slime:4  | Reached skill level 15 in Conjurations
 63649 | Slime:4  | You are sucked into a shaft and drop 1 floor!
 63745 | Slime:5  | Killed the Royal Jelly
 63746 | Slime:5  | Reached XP level 26. HP: 108/174 MP: 16/44
 63788 | Slime:4  | Gained mutation: You are frail. (-10% HP) [a shining eye]
 63790 | Slime:4  | Gained mutation: You tend to lose your temper in combat. [a
                  | shining eye]
 64442 | Slime:5  | Identified the +3 ring mail "Fega Wao" {rF+ rCorr Int+4}
 64443 | Slime:5  | Identified the +6 long sword "Ciomuc" {pain, Str+3}
 64446 | Slime:5  | Identified the ring "Forget-Me-Not" {rElec rF- rN+++ Will+
                  | Int-4}
 64456 | Slime:5  | Identified the +5 scythe of the Piercing Penguin {vorpal,
                  | rElec rF+++ Str-2 Stlth+}
 64477 | Slime:5  | Got a slimy rune of Zot
 64492 | Slime:5  | Identified the +10 halberd of Hepliaklqana's Whim {freeze,
                  | rPois Str+2 Stlth+}
 64514 | Slime:5  | Identified the ring of the Tempest {rPois Will+}
 65029 | Depths:1 | Entered Level 1 of the Depths
 65337 | Depths:1 | Identified the +8 hand axe "Coanil" {spect, rC- Will+ Int+8
                  | Stlth+}
 65511 | Depths:1 | Found a gateway to Hell.
 65639 | Depths:1 | You are sucked into a shaft and drop 1 floor!
 65663 | Depths:2 | Found Ureg's Antique Weapon Boutique.
 65721 | Depths:2 | Found Botixty's Book Boutique.
 65727 | Depths:2 | Bought a book of Alchemy for 560 gold pieces
 65965 | Depths:1 | Found a one-way gate leading to the halls of Pandemonium.
 66030 | Depths:1 | Found a one-way gate to the infinite horrors of the Abyss.
 66218 | Depths:1 | Found a glowing silver altar of Zin.
 66307 | Depths:2 | Noticed the Enchantress
 66319 | Depths:2 | Paralysed by a floating eye for 4 turns
 66326 | Depths:2 | Paralysed by a floating eye for 2 turns
 66331 | Depths:2 | Paralysed by a floating eye for 2 turns
 66335 | Depths:2 | Paralysed by a floating eye for 3 turns
 66344 | Depths:1 | Killed the Enchantress
 66801 | Depths:2 | Found Ceddaxab's Distillery.
 66808 | Depths:2 | Bought a potion of haste for 150 gold pieces
 66808 | Depths:2 | Bought 2 potions of haste for 300 gold pieces
 66808 | Depths:2 | Bought a potion of haste for 150 gold pieces
 66834 | Depths:2 | Found Beczisanogh's General Store.
 66843 | Depths:2 | Bought a potion of heal wounds for 65 gold pieces
 67000 | Depths:2 | Found Yntey's Antique Armour Shoppe.
 67042 | Depths:2 | Found Bavaymink's Book Shoppe.
 67044 | Depths:2 | Found Hiakirhes's Jewellery Boutique.
 67045 | Depths:2 | Found Zuodawk's Book Shoppe.
 67055 | Depths:2 | Bought a manual of Fighting for 1360 gold pieces
 67355 | Depths:2 | Identified the +2 hunting sling "Gargoyle's Bane" {freeze,
                  | rC+++ Str-4 Stlth-}
 67360 | Depths:2 | Identified the +6 scale mail "Gerph" {*Corrode rN+ Str+3}
 67921 | Depths:3 | HP: 5/158 [frost giant/bolt of cold (32)]
 68380 | Vaults:2 | Bought a potion of mutation for 152 gold pieces
 68381 | Vaults:2 | Lost mutation: Your body sometimes deteriorates upon taking
                  | damage. [potion of mutation]
 68381 | Vaults:2 | Lost mutation: You are frail. (-10% HP) [potion of
                  | mutation]
 68381 | Vaults:2 | Gained mutation: You have supernaturally acute eyesight.
                  | (SInv) [potion of mutation]
 68381 | Vaults:2 | Gained mutation: You are partially covered in iridescent
                  | scales. (AC +2) [potion of mutation]
 69611 | Depths:3 | Reached XP level 27. HP: 180/180 MP: 27/45
 70457 | Depths:3 | Identified the +9 shortbow "Seireh" {venom, rN+++ Will-
                  | Dex-2 Stlth+}
 70592 | Depths:3 | Got Plog's Compendium of the Cloudy Frostbite
 71276 | D:8      | Bought a potion of invisibility for 88 gold pieces
 71276 | D:8      | Bought a potion of magic for 88 gold pieces
 71276 | D:8      | Bought a potion of heal wounds for 55 gold pieces
 71280 | D:8      | Acquired 414 gold pieces
 71401 | Snake:1  | Lost mutation: You are partially covered in iridescent
                  | scales. (AC +2) [potion of mutation]
 71401 | Snake:1  | Lost mutation: You tend to lose your temper in combat.
                  | [potion of mutation]
 71401 | Snake:1  | Lost mutation: You are very clumsy. (Dex -4) [potion of
                  | mutation]
 71401 | Snake:1  | Gained mutation: Your magical capacity is low. (-10% MP)
                  | [potion of mutation]
 71401 | Snake:1  | Gained mutation: You expend magic power (3 MP) to
                  | strengthen your wands. [potion of mutation]
 71402 | Snake:1  | Lost mutation: Potions are less effective at restoring your
                  | health. [potion of mutation]
 71402 | Snake:1  | Lost mutation: Your magical capacity is low. (-10% MP)
                  | [potion of mutation]
 71402 | Snake:1  | Gained mutation: You are robust. (+10% HP) [potion of
                  | mutation]
 71402 | Snake:1  | Gained mutation: You have large cloven feet. [potion of
                  | mutation]
 71447 | Snake:1  | Lost mutation: You are dopey. (Int -2) [potion of mutation]
 71447 | Snake:1  | Lost mutation: You are clumsy. (Dex -2) [potion of
                  | mutation]
 71447 | Snake:1  | Gained mutation: Your spells are a little easier to cast,
                  | but a little less powerful. [potion of mutation]
 71447 | Snake:1  | Gained mutation: You are strong-willed. (Will+) [potion of
                  | mutation]
 71447 | Snake:1  | Gained mutation: Your flesh is cold resistant. (rC+)
                  | [potion of mutation]
 71664 | Snake:4  | Killed tkbsonic5's ghost
 71683 | Snake:4  | Identified the ring "Cafriy" {Wiz rPois Int+4}
 72218 | Depths:3 | Lost mutation: Your spells are a little easier to cast, but
                  | a little less powerful. [potion of mutation]
 72218 | Depths:3 | Lost mutation: You have large cloven feet. [potion of
                  | mutation]
 72218 | Depths:3 | Gained mutation: You are covered in fur. (AC +1) [potion of
                  | mutation]
 72218 | Depths:3 | Gained mutation: You have a beak for a mouth. [potion of
                  | mutation]
 72218 | Depths:3 | Gained mutation: You are very robust. (+20% HP) [potion of
                  | mutation]
 72219 | Depths:3 | Lost mutation: You sometimes lose the ability to read
                  | scrolls when taking damage. [potion of mutation]
 72219 | Depths:3 | Lost mutation: You expend magic power (3 MP) to strengthen
                  | your wands. [potion of mutation]
 72219 | Depths:3 | Gained mutation: You are partially covered in iridescent
                  | scales. (AC +2) [potion of mutation]
 72219 | Depths:3 | Gained mutation: You are somewhat resistant to further
                  | mutation. [potion of mutation]
 72275 | Depths:4 | Found a gateway to a ziggurat.
 72277 | Depths:4 | Found a flickering gateway to a bazaar.
 72286 | Bazaar   | Entered a bazaar
 72293 | Bazaar   | Found Viad Egg's Book Shoppe.
 72297 | Bazaar   | Bought a manual of Conjurations for 960 gold pieces
 72298 | Bazaar   | Found Riostre's Assorted Antiques.
 72303 | Bazaar   | Found Tiof's Magic Scroll Shoppe.
 72308 | Bazaar   | Found Basusod's Distillery.
 72318 | Bazaar   | Found Fihyca's Jewellery Boutique.
 72349 | Bazaar   | Bought a potion of heal wounds for 60 gold pieces
 72349 | Bazaar   | Bought a potion of experience for 600 gold pieces
 72349 | Bazaar   | Bought a potion of heal wounds for 60 gold pieces
 72357 | Bazaar   | Bought a scroll of enchant armour for 105 gold pieces
 73149 | Depths:4 | Identified the amulet of Ydodenic {Reflect rElec rF+ SH+5}
 73350 | Depths:4 | Identified the +4 rapier "Vanta" {flame, Int+4}
 73563 | Depths:5 | Entered Level 5 of the Depths
 74096 | Depths:5 | Reached skill level 24 in Earth Magic
 74112 | Depths:5 | Reached skill level 10 in Armour
 74250 | Depths:5 | Noticed Sojobo
 74266 | Depths:5 | Killed Sojobo
 74460 | Depths:5 | Found Reklek's Distillery.
 74466 | Depths:5 | Bought a potion of heal wounds for 120 gold pieces
 74466 | Depths:5 | Bought a potion of magic for 192 gold pieces
 74466 | Depths:5 | Bought a potion of heal wounds for 120 gold pieces
 74865 | Depths:5 | Found a gate to the Realm of Zot.
 75154 | Depths:5 | Found a portal to a secret trove of treasure.
 75273 | Zot:1    | Entered Level 1 of the Realm of Zot
 75341 | Zot:1    | Noticed an orb of fire
 75349 | Zot:1    | Killed an orb of fire
 75506 | Zot:1    | Identified the ring "Lehar" {rPois rN+ Str+6 Slay-5}
 76220 | Zot:2    | Identified the +8 ring mail "Zuihugof" {Harm Dex+4}
 76465 | Zot:2    | Identified the +12 broad axe "Raxt" {spect, Dex+6}
 77242 | Zot:3    | You are sucked into a shaft and drop 1 floor!
 78607 | Zot:4    | Reached skill level 15 in Maces & Flails
 79346 | Zot:5    | Entered Level 5 of the Realm of Zot
 79878 | Zot:5    | Reached skill level 15 in Fire Magic
 79883 | Zot:5    | Noticed an ancient lich
 79886 | Zot:5    | Killed an ancient lich
 79889 | Zot:5    | Noticed an ancient lich
 79899 | Zot:5    | Killed an ancient lich
 79912 | Zot:5    | Noticed an orb of fire
 79915 | Zot:5    | Noticed an orb of fire
 79918 | Zot:5    | Gained mutation: You are dopey. (Int -2) [an orb of fire]
 79920 | Zot:5    | Gained mutation: You occasionally shout uncontrollably at
                  | your foes. [mutagenic glow]
 79947 | Zot:4    | Gained mutation: Your magical capacity is low. (-10% MP)
                  | [mutagenic glow]
 80132 | Zot:5    | Gained mutation: Your spells are a little easier to cast,
                  | but a little less powerful. [an orb of fire]
 80138 | Zot:4    | Gained mutation: You are weak. (Str -2) [an orb of fire]
 80169 | Zot:4    | Killed an orb of fire
 80291 | Zot:4    | Learned a level 7 spell: Orb of Destruction
 80296 | Zot:4    | Learned a level 4 spell: Animate Armour
 80300 | Zot:4    | Learned a level 3 spell: Call Canine Familiar
 80412 | Zot:5    | Killed an orb of fire
 80413 | Zot:5    | Reached skill level 1 in Summonings
 80811 | Zot:5    | Reached skill level 15 in Evocations
 80956 | Zot:5    | Noticed an orb of fire
 80977 | Zot:5    | Killed an orb of fire
 81600 | Zot:5    | Noticed an orb of fire
 81609 | Zot:5    | Killed an orb of fire
 81974 | Zot:5    | Got the Orb of Zot
 82648 | D:$      | Escaped with the Orb!

Illustrated notes

Levels and vault maps discovered:
D:1:      minmay_arrival_four_houses, layout_basic, minmay_tiny_reverse_x
D:2:      layout_loops_cross, uniq_natasha
D:3:      layout_basic, hex_large
D:4:      layout_gridville, kennysheep_generic_room_16, uniq_pikel, uniq_edmund
D:5:      layout_basic, minmay_temple_entry_trees,
          lightli_ossuary_entry_decrepit_ruins, minmay_ruined_shrine
D:6:      layout_basic, gammafunk_temple_overflow_elements
D:7:      layout_loops_ring, uniq_menkaure
D:8:      layout_basic, nicolae_overflow_hidden_temple,
          mainiacjoe_overflow_cross_hatched, special_room [special_room_orc],
          serial_shops, nicolae_shop_crystal, minmay_fractal_squares_gapless_5
D:9:      layout_roguey, erik_lair_island, ebering_ghost_inner_flame
D:10:     layout_basic, orc_0_dummy, introduction_to_nature_1
D:11:     layout_rooms
D:12:     layout_roguey, nicolae_ru_path_of_blood
D:13:     layout_loops_cross, enter_bailey_5
D:14:     layout_cave_pools, erik_vaults_1, nicolae_hepliaklqana_hippocampus
D:15:     grunt_enter_depths_magical_seal, layout_rooms, fedhas_altar_4,
          drop_trap, nicolae_looking_at_the_future, uniq_jorgrun
Temple:   nicolae_temple_no_exploring_needed
Lair:1:   layout_layer_cave, ebering_ghost_funeral_grove, columned_hall_lemuel,
          beast_lair_carwin_9, uniq_nergalle, uniq_joseph
Lair:2:   layout_regular_city, palyth_hydra_swamp_entry,
          minmay_snake_entry_six_corridors
Lair:3:   layout_roguey, lemuel_fruit_tree, grunt_megastairs_1
Lair:4:   layout_regular_city
Lair:5:   layout_small_grid, minmay_slime_entry_jelly_boxes, grunt_megastairs_2
Lair:6:   evilmike_catoblepas_cave, layout_misc_corridors,
          infiniplex_staircase_pool_2, uniq_josephine
Swamp:1:  nicolae_swamp_long_stream, layout_basic_swamp, hangedman_swamp_lotus,
          nicolae_swamp_trees_clearing, nicolae_swamp_bean_lake
Swamp:2:  layout_basic_swamp, nicolae_swamp_godswood
Swamp:3:  layout_falls_marsh, evilmike_swamp_ruin_house_4
Swamp:4:  swamp_alternative, layout_basic_swamp, swamp_pool4,
          infiniplex_staircase_pool, uniq_mara
Snake:1:  layout_rooms, serial_bayou_crossing, serial_bayou_shore_b,
          grunt_megastairs_4, minmay_shop_star
Snake:2:  layout_layer_cave, basic_altar, serial_bayou_pond_a, drop_trap,
          uniq_kirke, uniq_aizul
Snake:3:  layout_gridlike
Snake:4:  grunt_snake_rune_serpentine_throne, layout_onion_interference,
          gammafunk_ghost_arena, portal_ice_cave_entry_horrid_things
Slime:1:  layout_caves
Slime:2:  layout_caves
Slime:3:  layout_caves, cheibrodos_slime_lost_civilization_5
Slime:4:  layout_caves, nicolae_slime_welcoming_committee
Slime:5
Orc:1:    layout_caves
Orc:2:    grunt_orc_gardens, layout_diamond_mine, grunt_orc_garden,
          grunt_orc_garden, grunt_orc_garden, grunt_orc_garden,
          david_defended_altar_orc
Elf:1:    minmay_elf_arrival_summoners, layout_geoelf_octagon,
          minmay_elf_sorcery
Elf:2:    elven_hall_of_blades_hangedman_original
          [infiniplex_blade_entry_pillars], layout_loops_corners, serial_shops,
          nicolae_stop_n_shop_1, shop_fountains, portal_desolation_entry_garden
Elf:3:    grunt_elf_hall_branching, layout_loops_corners
Vaults:1: hangedman_vaults_unwind, v_misc_18, nicolae_vaults_back_hallway,
          v_alt_pattern_3, ontoclasm_vaults_misaligned, vaults_room_door_hall,
          ontoclasm_vaults_echo, nicolae_vaults_three_branches,
          layout_vaults_omnigrid
Vaults:2: hangedman_vaults_nails, ontoclasm_vaults_eye,
          hangedman_vaults_stagger, vaults_room_door_hall, v_misc_23,
          vaults_room_large_hall, nicolae_vaults_circle_grid_a,
          nicolae_vaults_octagons, hangedman_vaults_capsules, v_misc_1,
          vaults_room_large_hall, minmay_crypt_entry_nasty_monster,
          ontoclasm_vaults_gateway, layout_vaults_maze, serial_shops, shop
Vaults:3: grunt_vaults_twisty, ontoclasm_vaults_decontamination,
          nicolae_vaults_circle_grid_b, grunt_vaults_bifocal, v_misc_1,
          nicolae_vaults_little_squares_2, v_misc_15,
          hangedman_vaults_stretched_pinwheel, hangedman_vaults_nails, st_star,
          vaults_mumra_chevron_long, v_misc_22, v_misc_19,
          layout_vaults_omnibox, serial_shops, nicolae_shop_stone
Vaults:4: vaults_standard_mumra_x, vaults_mumra_lcd, v_misc_13, v_misc_13,
          nicolae_vaults_fighting_squares, v_misc_26,
          vaults_standard_mumra_enter_the_diamond,
          ontoclasm_vaults_loading_screen, nicolae_vaults_network_s,
          vaults_dpeg_cross, layout_vaults_omnicross, uniq_margery,
          uniq_bai_suzhen
Vaults:5: serial_shops, uniq_jory, uniq_boris
Depths:1: minmay_chopped_fan, layout_small_grid, pan_entry, abyss_entry,
          grunt_mini_vestibule, moated_statue, zin_treasury,
          kennysheep_random_hallway
Depths:2: minmay_octo_star, layout_gridlike, serial_shops, shop, shop,
          nicolae_shop_temple_entry_statues_fountains, nicolae_take_the_stairs,
          shop, minmay_misc_feat_square, grunt_hell_entry_dis_old,
          infiniplex_staircase_zigzag_5, minmay_shop_grove, uniq_enchantress
Depths:3: grunt_runaround [grunt_runaround_doors_1, grunt_runaround_doors_2,
          grunt_runaround_doors_3, grunt_runaround_doors_4,
          grunt_runaround_loot], pan_entry, hell_entry
Depths:4: kennysheep_large_spiral, layout_honeycomb, enter_ziggurat_f,
          rand_demon_pan_entry_4, hell_entry, serial_shops, freezing_bzr,
          abyss_entry, grunt_decor_junction, serial_bayou_shore_b,
          infiniplex_staircase_diamond, serial_bayou_shore_b
Depths:5: evilmike_zot_entry_hall, layout_gridlike, serial_shops, shop_coins,
          nicolae_trove_entry_free_sample, hell_entry, abyss_entry,
          serial_bayou_shore_a, uniq_sojobo
Zot:1:    layout_gridlike, grunt_megastairs_3
Zot:2:    layout_basic, st_stairs_7
Zot:3:    layout_twisted_circle, st_single_dragon_hoard_3, zot_minivault_4
Zot:4:    layout_misc_corridors
Zot:5:    layout_misc_corridors, skrybe_zot_glass_1

Skill      XL: |  1  2  3  4  5  6  7  8  9 10 11 12 13 14 15 16 17 18 19 20 21 22 23 24 25 26 27 |
---------------+----------------------------------------------------------------------------------+-----
Earth Magic    | 4 5 6 7 8 9 11 12 13 14 16 17 18 19 20 21 22 23 24 | 24.1
Fighting       | 1 2 3 4 5 6 7 8 9 10 11 12 13 14 15 17 18 19 20 23 | 23.9
Maces & Flails | 1 2 3 4 6 7 9 10 11 12 13 16 | 16.2
Conjurations   | 1 2 3 4 5 6 7 8 9 10 11 12 13 15 20 | 20.6
Throwing       | 2 |  2.4
Spellcasting   | 3 4 5 6 7 8 9 10 11 12 13 14 15 16 17 18 19 | 19.7
Armour         | 2 3 5 6 8 13 | 13.8
Fire Magic     | 1 3 5 6 8 9 10 11 12 15 | 15.1
Staves         | 3 5 7 8 9 |  9.2
Evocations     | 3 5 6 7 9 10 11 12 15 | 15.4
Necromancy     | 2 |  2.6
Shields        | 4 10 14 15 | 15.0
Dodging        | 4 |  4.5
Summonings     | 4 |  4.7
Stealth        | |  2.1
Transmutations | |  0.7

Action                   |  1- 3 |  4- 6 |  7- 9 | 10-12 | 13-15 | 16-18 | 19-21 | 22-24 | 25-27 || total
-------------------------+-------+-------+-------+-------+-------+-------+-------+-------+-------++-------
Melee: Club              |    55 |    50 |       |       |       |       |       |       |       ||   105
       Mace              |       |    40 |       |       |       |       |       |       |       ||    40
       Whip              |       |    70 |   201 |   364 |       |       |       |       |       ||   635
       Quarterstaff      |       |       |       |   159 |   798 |       |       |       |       ||   957
       Staff             |       |       |       |       |   184 |   315 |   191 |   196 |   296 ||  1182
       Demon whip        |       |       |       |       |       |   499 |   292 |    60 |   485 ||  1336
       Eveningstar       |       |       |       |       |       |       |       |       |    55 ||    55
       Peck              |       |       |       |       |       |       |       |       |    68 ||    68
Throw: Boomerang         |    15 |    30 |    64 |    62 |    37 |    60 |     7 |     2 |     3 ||   280
 Cast: Sandblast         |    39 |    50 |     3 |     5 |     6 |    19 |     6 |       |     1 ||   129
       Stone Arrow       |       |     1 |    12 |    45 |   111 |   164 |    38 |    15 |    13 ||   399
       Searing Ray       |       |     1 |    15 |    35 |     5 |     2 |       |       |       ||    58
       Magic Dart        |       |       |    17 |    20 |    28 |    47 |    14 |     2 |     3 ||   131
       Foxfire           |       |       |       |    11 |     7 |     1 |       |       |       ||    19
       Bolt of Magma     |       |       |       |    12 |    58 |    83 |    38 |    32 |    45 ||   268
       Lee's Rapid Decon |       |       |       |    12 |    55 |   106 |   126 |   146 |   135 ||   580
       Iron Shot         |       |       |       |       |       |   109 |   169 |   111 |   232 ||   621
       Borgnjor's Vile C |       |       |       |       |       |    15 |    22 |    10 |    90 ||   137
       Lehudib's Crystal |       |       |       |       |       |       |       |    30 |   343 ||   373
       Shatter           |       |       |       |       |       |       |       |    14 |    75 ||    89
       Fireball          |       |       |       |       |       |       |       |       |    28 ||    28
       Animate Armour    |       |       |       |       |       |       |       |       |     9 ||     9
       Orb of Destructio |       |       |       |       |       |       |       |       |     7 ||     7
       Call Canine Famil |       |       |       |       |       |       |       |       |     1 ||     1
Evoke: Wand              |       |     7 |       |     1 |     6 |    39 |     3 |     2 |    13 ||    71
       Lightning rod     |       |       |       |       |     4 |       |       |       |       ||     4
       Phantom mirror    |       |       |       |       |       |     1 |       |     1 |     2 ||     4
       Box of beasts     |       |       |       |       |       |       |       |     1 |     1 ||     2
  Use: Scroll            |       |       |     4 |    12 |     9 |    19 |    14 |     7 |    26 ||    91
       Potion            |       |       |       |       |     3 |     9 |     3 |     2 |    27 ||    44
 Stab: Sleeping          |       |     1 |     2 |     2 |     3 |     4 |     3 |       |       ||    15
       Paralysed         |       |    15 |       |       |       |       |       |       |       ||    15
       Distracted        |       |       |       |       |     3 |     1 |     6 |     2 |    10 ||    22
       Petrified         |       |       |       |       |     5 |       |       |       |       ||     5
Armor: Robe              |    26 |    82 |    68 |       |       |       |       |       |       ||   176
       Leather armour    |       |       |    61 |   402 |   507 |   549 |   274 |   175 |   167 ||  2135
       Acid dragon scale |       |       |       |       |       |       |       |       |    78 ||    78
       Quicksilver drago |       |       |       |       |       |       |       |       |   218 ||   218
Dodge: Dodged            |    47 |   112 |   111 |   296 |   447 |   392 |   189 |   100 |   247 ||  1941
Block: Other             |       |       |       |       |       |   131 |    83 |       |       ||   214
       Reflection        |       |       |       |       |       |    19 |     9 |    35 |    21 ||    84
       Buckler           |       |       |       |       |       |       |    25 |       |       ||    25
       Kite shield       |       |       |       |       |       |       |     5 |   202 |   518 ||   725
